 Dungeon Crawl Stone Soup version 0.22.1-2-g9c5b331 (webtiles) character file.

8759 Mesmaeker13 the Blocker (level 10, 0/99 HPs)
             Began as a Demigod Fighter on Dec 18, 2018.
             Succumbed to a black mamba's poison
             ... on level 1 of the Lair of Beasts.
             The game lasted 00:22:14 (13863 turns).

Mesmaeker13 the Blocker (Demigod Fighter)          Turns: 13863, Time: 00:22:15

Health: 0/99       AC: 22    Str: 20 (21) XL:     10   Next: 91%
Magic:  13/13      EV:  6    Int: 13 (14) God:
Gold:   622        SH: 12    Dex: 15 (17) Spells: 9/9 levels left

rFire    + . .     SeeInvis .   a - +1 trident
rCold    . . .     Gourm    .   c - +1 shield
rNeg     . . .     Faith    .   q - +3 chain mail
rPois    .         Spirit   .   m - +0 helmet
rElec    .         Reflect  .   l - +0 cloak
rCorr    .         Harm     .   b - +1 pair of gloves
MR       +....                  v - +2 pair of boots
Stlth    ..........             (no amulet)
HPRegen  0.26/turn              A - ring of stealth
MPRegen  0.13/turn              (no ring)

@: lethally poisoned (0 -> -13)
A: fire resistance 1, high mp 1, robust 1
a: no special abilities


You were on level 1 of the Lair of Beasts.
You were not hungry.

You visited 2 branches of the dungeon, and saw 11 of its levels.

You collected 622 gold pieces.

Inventory:

Hand Weapons
 a - a +1 trident (weapon)
 g - a +0 hand axe of flaming
 o - a +2 whip of venom
Missiles
 t - a tomahawk of returning (quivered)
 w - 5 tomahawks
Armour
 b - a +1 pair of gloves (worn)
 c - a +1 shield (worn)
 l - a +0 cloak (worn)
 m - a +0 helmet (worn)
 q - a +3 chain mail (worn)
 v - a +2 pair of boots (worn)
Jewellery
 y - an uncursed ring of fire
 A - a ring of stealth (left hand)
Wands
 G - a wand of iceblast (9)
Scrolls
 d - 4 scrolls of teleportation
 i - 3 scrolls of enchant armour
 j - 5 scrolls of remove curse
 n - a scroll of silence {unknown}
 p - 2 scrolls of noise
 s - a scroll of enchant weapon
 u - a scroll of blinking {unknown}
 x - 3 scrolls of amnesia
 B - 2 scrolls of summoning
 D - a scroll of torment {unknown}
 E - a scroll of fog {unknown}
 I - a scroll of immolation {unknown}
Potions
 e - 2 potions of haste
 h - 3 potions of flight
 k - 2 potions of might
 r - 2 potions of brilliance
 z - 2 potions of degeneration
 F - a potion of invisibility
Comestibles
 f - 15 rations


   Skills:
 + Level 8.5 Fighting
 + Level 8.2 Polearms
 + Level 8.5 Armour
 + Level 8.5 Shields


You had 9 spell levels left.
You didn't know any spells.
Your spell library was empty.

Dungeon Overview and Level Annotations

Branches:
Dungeon (10/15)            Temple (0/1) D:6            Lair (1/6) D:9
    Orc (0/2) D:9


Innate Abilities, Weirdness & Mutations

You have an increased reservoir of magic. (+10% MP)
Your flesh is heat resistant. (rF+)
You are robust. (+10% HP)


Message History

You are more poisoned.
The black mamba poisons you!
You feel less invigorated.
You feel less confused.
* * * LOW HITPOINT WARNING * * *
You feel sick.
The black mamba bites you but does no damage.
* * * LOW HITPOINT WARNING * * *
You feel sick.
The black mamba bites you but does no damage.
* * * LOW HITPOINT WARNING * * *
You feel sick. You block the black mamba's attack.
Okay, then.
Unknown command.
* * * LOW HITPOINT WARNING * * *
You feel sick. You block the black mamba's attack.
* * * LOW HITPOINT WARNING * * *
You feel sick. The black mamba barely misses you.
There is a staircase back to the Dungeon here.
You die...

##.............
##...............
#................
#................
#................
##...............
#P.....S........
###....<........
##....@......#
#P.........##
#.........##
#..#.#....#
#...###..### #..#
### #.. ..


You could see a black mamba.

Vanquished Creatures
  A two-headed ogre (D:10)
  Psyche (D:10)
  A centaur skeleton (D:10)
  A troll (D:9)
  A hippogriff (D:9)
  Sigmund (D:2)
  A wraith (D:9)
  Eustachio (D:5)
  A spriggan (D:9)
  A wyvern (D:9)
  Grum (D:9)
  A hungry ghost (D:9)
  Menkaure (D:4)
  4 water moccasins
  5 orc warriors
  2 black bears
  An eye of draining (D:10)
  An ice beast (D:7)
  A phantom (D:9)
  4 centaurs
  6 ogres
  2 wolves (D:9)
  2 big kobolds
  10 bullfrogs
  A gnoll sergeant (D:7)
  5 scorpions
  5 wights (D:10)
  3 killer bees (D:10)
  2 howler monkeys
  8 crimson imps
  A quasit (D:10)
  2 centaur zombies
  A bullfrog zombie (D:6)
  5 hounds
  6 orc wizards
  8 orc priests
  2 bullfrog skeletons
  4 jellies
  2 gnoll shamans
  6 worker ants
  6 ogre zombies (D:9)
  A worker ant zombie (D:6)
  A howler monkey skeleton (D:4)
  15 gnolls
  11 adders
  5 shadow imps
  An ooze (D:3)
  An adder skeleton (D:6)
  4 worms (D:2)
  8 leopard geckos
  56 orcs
  8 giant cockroaches
  5 goblins
  7 hobgoblins
  2 jackals (D:2)
  7 quokkas
  A ball python (D:2)
  3 bats
  5 frilled lizards
  3 goblin zombies (D:9)
  2 hobgoblin skeletons (D:9)
  2 hobgoblin zombies (D:9)
  A jackal skeleton (D:5)
  18 kobolds
  3 orc skeletons (D:9)
  9 orc zombies (D:9)
  12 rats
309 creatures vanquished.

Notes
Turn   | Place    | Note
-------+----------+-------------------------------------------
     0 | D:1      | Mesmaeker13 the Demigod Fighter began the quest for the
                  | Orb.
     0 | D:1      | Reached XP level 1. HP: 18/18 MP: 3/3
   183 | D:1      | Reached XP level 2. HP: 25/25 MP: 4/4
  1197 | D:2      | Reached XP level 3. HP: 31/31 MP: 5/5
  1298 | D:2      | Noticed Sigmund
  1750 | D:3      | Reached XP level 4. HP: 29/38 MP: 6/6
  1839 | D:3      | Found a sacrificial altar of Ru.
  2022 | D:3      | Found a glowing golden altar of the Shining One.
  2144 | D:3      | Found an ancient bone altar of Kikubaaqudgha.
  2569 | D:4      | Reached XP level 5. HP: 45/45 MP: 7/7
  3068 | D:4      | Noticed Menkaure
  3077 | D:4      | Killed Menkaure
  3077 | D:4      | Reached XP level 6. HP: 18/52 MP: 8/8
  3934 | D:2      | Found a shimmering altar of Xom.
  4095 | D:2      | Found a bloodstained altar of Trog.
  4095 | D:2      | Noticed a moth of wrath
  4505 | D:2      | Killed Sigmund
  4505 | D:2      | Reached XP level 7. HP: 37/60 MP: 9/9
  4655 | D:5      | Entered Level 5 of the Dungeon
  4858 | D:5      | Noticed Eustachio
  4880 | D:5      | Killed Eustachio
  4880 | D:5      | Reached skill level 5 in Shields
  5185 | D:5      | Reached skill level 5 in Fighting
  5389 | D:5      | Reached skill level 5 in Armour
  5845 | D:6      | Reached XP level 8. HP: 68/68 MP: 10/10
  5953 | D:6      | Found a burning altar of Makhleb.
  5953 | D:6      | Found a bloodstained altar of Trog.
  6007 | D:6      | Reached skill level 5 in Polearms
  6012 | D:6      | Found a staircase to the Ecumenical Temple.
  6699 | D:6      | Found an iron altar of Okawaru.
  7159 | D:7      | Reached XP level 9. HP: 61/75 MP: 11/11
 10147 | D:9      | Found a hide-covered altar of Uskayaw.
 10147 | D:9      | Found a hazy altar of Hepliaklqana.
 10305 | D:9      | Found a staircase to the Orcish Mines.
 10317 | D:9      | Reached XP level 10. HP: 86/86 MP: 13/13
 10374 | D:9      | Noticed Grum
 10396 | D:9      | Killed Grum
 10562 | D:9      | Found a shadowy altar of Dithmenos.
 10579 | D:9      | Found a staircase to the Lair.
 11257 | D:9      | Found a roughly hewn altar of Beogh.
 11742 | D:10     | Entered Level 10 of the Dungeon
 11976 | D:10     | Noticed Psyche
 11998 | D:10     | Killed Psyche
 12452 | D:10     | Noticed a two-headed ogre
 12472 | D:10     | Killed a two-headed ogre
 13735 | Lair:1   | Entered Level 1 of the Lair of Beasts
 13831 | Lair:1   | Noticed a black mamba
 13849 | Lair:1   | Gained mutation: You are robust. (+10% HP) [potion of
                  | mutation]
 13849 | Lair:1   | Gained mutation: Your flesh is heat resistant. (rF+)
                  | [potion of mutation]
 13861 | Lair:1   | HP: 4/99 [poisoned by a black mamba]
 13863 | Lair:1   | Succumbed to a black mamba's poison

Skill      XL: |  1  2  3  4  5  6  7  8  9 10 |
---------------+-------------------------------+-----
Polearms       | 2 3 4 5 7 8 |  8.2
Armour         | 3 4 5 6 7 8 |  8.5
Fighting       | 3 4 5 6 7 8 |  8.5
Shields        | 3 4 5 6 7 8 |  8.5

Action                   |  1- 3 |  4- 6 |  7- 9 | 10-12 || total
-------------------------+-------+-------+-------+-------++-------
Melee: Trident           |   153 |   217 |   593 |   276 ||  1239
       Whip              |     6 |    25 |   119 |   184 ||   334
Throw: Tomahawk          |       |     8 |     4 |     3 ||    15
       Throwing net      |       |       |       |     3 ||     3
Evoke: Wand              |       |       |     8 |     2 ||    10
  Use: Scroll            |     2 |     1 |     8 |     1 ||    12
       Potion            |       |       |     6 |     5 ||    11
 Stab: Held in net/web   |       |       |       |     1 ||     1
  Eat: Chunk             |     3 |     9 |    17 |     8 ||    37
       Ration            |       |       |     3 |     1 ||     4
Armor: Scale mail        |    48 |       |       |       ||    48
       Chain mail        |       |    79 |   282 |   210 ||   571
       Skin              |       |       |     8 |       ||     8
Dodge: Dodged            |    30 |    36 |   111 |    90 ||   267
Block: Shield            |    61 |    88 |   393 |   249 ||   791
